 Dungeon Crawl Stone Soup version 0.31.0-11-ge490571c62 (webtiles) character file.

Game seed: 15120448773842691164

53 Arctor the Firebug (level 3, 0/19 HPs)
             Began as a Deep Elf Fire Elementalist on Feb 2, 2024.
             Slain by an ice beast (6 damage)
             ... on level 3 of the Dungeon.
             The game lasted 00:01:20 (2115 turns).

Arctor the Firebug (Deep Elf Fire Elementalist)     Turns: 2115, Time: 00:01:20

Health: 0/19       AC:  2    Str:  5    XL:     3   Next: 64%
Magic:  3/10       EV: 13    Int: 21    God:
Gold:   134        SH:  0    Dex: 15    Spells: 6/9 levels left

rFire   . . .        (no weapon)
rCold   . . .        (no shield)
rNeg    . . .        a - +0 robe
rPois   .            (no helmet)
rElec   .            (no cloak)
rCorr   +            (no gloves)
SInv    .            (no boots)
Will    .....        (no amulet)
Stlth   ++           l - ring of resist corrosion
HPRegen 0.23/turn    (no ring)
MPRegen 0.12/turn

%: no passive effects
@: no status effects
A: no striking features
a: no special abilities


You were on level 3 of the Dungeon.
You visited 1 branch of the dungeon, and saw 3 of its levels.

You collected 134 gold pieces.

Inventory:

Missiles
 k - a throwing net
Armour
 a - a +0 robe (worn)
Jewellery
 l - a ring of resist corrosion (left hand)
Scrolls
 c - a scroll of enchant weapon {unknown}
 e - a scroll of fear {unknown}
 f - 2 scrolls of brand weapon {unknown}
 h - 2 scrolls of identify {unknown}
 j - a scroll of teleportation {unknown}
 m - a scroll of revelation {unknown}
 n - a scroll of blinking {unknown}
Potions
 b - a potion of magic
 d - a potion of mutation {unknown}
 g - a potion of curing {unknown}
 i - a potion of might {unknown}


   Skills:
 + Level 3.1 Dodging
 + Level 3.1 Stealth
 + Level 3.6 Spellcasting
 + Level 1.9 Conjurations
 + Level 3.7 Fire Magic


You had 6 spell levels left.
You knew the following spells:

 Your Spells              Type           Power      Damage    Failure   Level
a - Foxfire               Conj/Fire      60%        2x1d7     3%          1
b - Scorch                Fire           38%        2d6       4%          2

Your spell library contained the following spells:

 Spells                   Type           Power      Damage    Failure   Level
 Inner Flame              Hex/Fire       11%        N/A       17%         3
 Volatile Blastmotes      Fire/Tloc      22%        2d11      17%         3
 Flame Wave               Conj/Fire      15%        2d7       36%         4


Dungeon Overview and Level Annotations

Branches:
Dungeon (3/15)

Altars:

Shops:
D:1 !


Message History

You conjure some foxfire!
No target in view!
Your foxfire dissipates!
Your foxfire dissipates!
Done exploring.
No target in view!
Done exploring.
You conjure some foxfire!
What level of the Dungeon? (default 2, ? - help)
Your foxfire dissipates!
Your foxfire dissipates!
There is a stone staircase leading down here.
You climb downwards.
There is a stone staircase leading up here.
An ice beast is nearby!
l - a ring of resist corrosion (left hand)
You conjure some foxfire!
You conjure some foxfire!
The foxfire hits the ice beast but does no damage.
The foxfire hits the ice beast but does no damage.
Found 12 gold pieces.
The foxfire hits the ice beast but does no damage.
You conjure some foxfire!
The ice beast closely misses you.
Casting: Foxfire (safe; 3% risk of failure)
Confirm with . or Enter, or press ? or * to list all spells.
Flames lash the ice beast but do no damage.
You hear a loud squeak.
You hear an angry hiss.
The foxfire hits the ice beast.
The ice beast melts!
The ice beast is lightly wounded.
The foxfire hits the ice beast.
The ice beast melts!
The ice beast is moderately wounded.
The ice beast hits you. The ice beast freezes you!
Casting: Scorch (safe; 4% risk of failure)
Confirm with . or Enter, or press ? or * to list all spells.
Flames lash the ice beast.
The ice beast melts!
The ice beast is heavily wounded.
The ice beast's fire resistance burns away.
An adder comes into view.
The ice beast hits you. The ice beast freezes you.
You die...

.# .# ##.#
#.. ... #.#
#.# #
#<#+##...#
#.@...#
#ยง.Y..#
#.....#
........
##.........
#.........
#.........
#........S


You could see an ice beast (combustible) and an adder.

Vanquished Creatures
  An adder (D:2)
  2 bats (D:2)
  6 endoplasms (D:1)
  2 giant cockroaches (D:1)
  5 goblins
  5 hobgoblins
  A quokka (D:2)
  4 ball pythons
  2 frilled lizards (D:1)
  7 kobolds (D:1)
  5 rats
40 creatures vanquished.

Vanquished Creatures (others)
  181 foxfires
181 creatures vanquished.

Grand Total: 221 creatures vanquished

Notes
Turn   | Place    | Note
-------+----------+-------------------------------------------
     0 | D:1      | Arctor the Deep Elf Fire Elementalist began the quest for
                  | the Orb.
     0 | D:1      | Reached XP level 1. HP: 10/10 MP: 6/6
   353 | D:1      | Reached XP level 2. HP: 10/15 MP: 4/8
   530 | D:1      | Learned a level 2 spell: Scorch
   981 | D:1      | Found Cauptes's Distillery.
  1207 | D:1      | Reached XP level 3. HP: 19/19 MP: 4/9
  2106 | D:3      | Noticed an ice beast
  2115 | D:3      | Slain by an ice beast

Illustrated notes

Levels and vault maps discovered:
D:1:      dpeg_arrival_connections, layout_basic, serial_shops,
          nicolae_shop_stone
D:2:      layout_rooms
D:3:      minmay_door_path, layout_basic, basic_ecumenical_altar,
          minmay_misc_feat_chi, uniq_sigmund

Skill      XL: |  1  2  3 |
---------------+----------+-----
Stealth        | 3 |  3.1
Dodging        | 3 |  3.1
Spellcasting   | |  3.6
Conjurations   | |  1.9
Fire Magic     | |  3.7

Action                     || total
---------------------------++-------
  Melee: Unarmed           ||    29
   Cast: Foxfire           ||   120
         Scorch            ||     3
 Armour: Robe              ||    34
  Dodge: Dodged            ||    36
